 Dungeon Crawl Stone Soup version 0.28-a0-683-ga8797d1ae1 (webtiles) character file.

Game seed: 1339376275242983144

15359 mordus the Thaumaturge (level 12, -7/88 HPs)
             Began as a Djinni Conjurer on Oct 18, 2021.
             Was a Priest of Makhleb.
             Shot with an arrow by a centaur warrior (18 damage)
             ... on level 13 of the Dungeon.
             The game lasted 00:56:44 (15502 turns).

mordus the Thaumaturge (Djinni Conjurer)           Turns: 15502, Time: 00:56:45

Health: -7/88      AC:  8    Str:  6    XL:     12   Next: 56%
Gold:   676        EV: 14    Int: 25    God:    Makhleb [***...] SH:  0 Dex: 12

rFire   + + .      SeeInvis +   n - +3 quarterstaff (chaos)
rCold   x . .      Faith    .   (shield currently unavailable)
rNeg    . . .      Spirit   .   A - +2 troll leather armour
rPois   ∞          Reflect  .   r - +2 hood of the Assassin {Detection Stab+ Stlth++}
rElec   .          Harm     .   o - +2 cloak
rCorr   .          Rampage  .   (no gloves)
Will    +....                   (boots unavailable)
Stlth   +++.......              v - amulet of regeneration
HPRegen 2.24/turn               D - ring of see invisible
MPRegen 0.00/turn               (no ring)

@: corroded, flying
A: sickness immunity, fire resistance 2, cold vulnerability 1, float, innate
caster, hp casting, extra vitality 1
a: Renounce Religion, Minor Destruction, Lesser Servant of Makhleb


You were on level 13 of the Dungeon.
You worshipped Makhleb.
Makhleb was most pleased with you.
You visited 2 branches of the dungeon, and saw 15 of its levels.

You collected 676 gold pieces.

Inventory:

Hand Weapons
 n - a +3 quarterstaff of chaos (weapon)
Armour
 a - a +0 robe
 l - a +1 helmet
 o - a +2 cloak (worn)
 r - the +2 hood of the Assassin (worn) {Detection Stab+ Stlth++}
   (You found it on level 4 of the Dungeon)

   It allows the wearer to sense nearby creatures.
   It allows the wearer to make particularly effective stabbing attacks against
   helpless or unaware enemies with any weapon.
   Stlth:     It makes you much more stealthy.
 y - a +0 robe of willpower
 A - a +2 troll leather armour (worn)
 C - a +0 buckler
 G - a scarf of harm
Magical Staves
 z - a staff of death
Jewellery
 v - an amulet of regeneration (around neck)
 D - a ring of see invisible (left hand)
Wands
 c - a wand of digging (13)
 m - a wand of charming (15)
 q - a wand of paralysis (23)
 w - a wand of iceblast (9)
 I - a wand of flame (17)
Scrolls
 b - 4 scrolls of teleportation
 d - 2 scrolls of fog
 e - 4 scrolls of identify
 g - 5 scrolls of vulnerability
 h - 4 scrolls of blinking
 i - 2 scrolls of immolation
 k - 2 scrolls of magic mapping
 B - a scroll of silence {unknown}
 H - 2 scrolls of acquirement {unknown}
Potions
 f - 5 potions of haste
 j - 3 potions of curing
 p - 2 potions of degeneration {unknown}
 s - a potion of resistance
 t - 2 potions of attraction
 u - a potion of heal wounds
 x - 2 potions of berserk rage
 E - a potion of might
 F - a potion of brilliance {unknown}


   Skills:
 + Level 8.9 Fighting
 + Level 4.7 Staves
 - Level 6.0 Armour
 + Level 7.4 Dodging
 - Level 1.5 Stealth
 * Level 10.4 Spellcasting
 + Level 6.2 Invocations


You had 2 spell levels left.
You knew the following spells:

 Your Spells              Type           Power      Damage    Failure   Level
a - Magic Dart            Conj           100%       1d8       1%          1
b - Searing Ray           Conj           100%       2d8       1%          2
c - Dazzling Flash        Conj/Hex       100%       N/A       1%          3
d - Fulminant Prism       Conj/Hex       30%        3d16      1%          4
e - Iskenderun's Mystic   Conj/Tloc      60%        2d13      1%          4
f - Freeze                Ice            100%       1d11      1%          1
g - Slow                  Hex            60%        N/A       1%          2
h - Gell's Gravitas       Tloc           30%        N/A       1%          3
i - Petrify               Tmut/Erth      60%        N/A       1%          4
j - Irradiate             Conj/Tmut      30%        3d23      2%          5
Your spell library was empty.

Dungeon Overview and Level Annotations

Branches:
Dungeon (14/15)            Temple (1/1) D:5            Lair (0/6) D:10
    Orc (0/2) D:12
 Vaults: D:13-14

Altars:
Ashenzari
Cheibriados
Dithmenos
Elyvilon
Fedhas
Gozag
Hepliaklqana
Kikubaaqudgha
Makhleb
Nemelex Xobeh
Okawaru
Qazlal
Ru
Sif Muna
Trog
Uskayaw
Vehumet
Wu Jian
Xom
Yredelemnul
Zin
The Shining One

Annotations:
D:11 2 transporters, AttackTheMoon's ghost, journeyman DEEE


Innate Abilities, Weirdness & Mutations

You are immune to sickness and miasma.
You are immune to poison.
Your flesh is very heat resistant. (rF++)
You are vulnerable to cold. (rC-)
You float through the air rather than walking.
You learn spells naturally, not from books.
Your magical power is your life essence.
You have superior vitality. (+4 HP)


Message History

The centaur warrior simulacrum kicks your fulminant prism.
The centaur warrior simulacrum freezes your fulminant prism.
Your fulminant prism resists.
Your fulminant prism crackles loudly.
The searing ray hits the centaur warrior simulacrum!
The centaur warrior simulacrum is heavily damaged.
The centaur warrior simulacrum hits your fulminant prism.
Your fulminant prism explodes!
The blast of energy engulfs the centaur warrior simulacrum.
The centaur warrior simulacrum is severely damaged.
Unknown command.
The searing ray hits the centaur warrior simulacrum!
The centaur warrior simulacrum vaporises!
Makhleb accepts your kill.
You finish channelling your searing ray.
Found a rapier and a war axe.
A manticore comes into view.
A centaur warrior comes into view.
The centaur warrior wields a +0 shortbow.
The centaur warrior shoots an arrow.
The arrow hits you!!
The centaur warrior shoots an arrow.
The arrow barely misses you.
A troll comes into view.
The centaur warrior shoots an arrow.
The arrow barely misses you.
An acid dragon comes into view.
The centaur warrior shoots an arrow.
The arrow barely misses you.
The troll moves out of view.
The centaur warrior shoots an arrow.
The arrow closely misses you.
The centaur warrior shoots an arrow.
The arrow hits you!
The acid dragon roars!
The acid dragon spits acid at you. The splash of acid hits you!
The acid corrodes you!
You hear a shout!
The centaur warrior shoots an arrow.
The arrow misses you. The acid dragon spits acid at you.
The splash of acid hits you!!
You hear a shout!
The centaur warrior shoots an arrow.
The arrow barely misses you.
The centaur warrior shoots an arrow.
The arrow hits you!!
* * * LOW HITPOINT WARNING * * *
The centaur warrior shoots an arrow.
The arrow hits you!!
You die...

#. #.#### #.... ... #... .
#..# ..###### .. #..#
##########.#....# . .##...
...........#.##.# .#.
....###########.<....#..#
.... #.)##..@..#..#.######.##
#.#.##..##.###.#......#.##.#
....D........#.#..#...#..#.#
.###.##..##.#.#........#..#.#
..T....c.##.#.####...#.#..#.#
#.####..##.# ##.......#..#.#
.###.####.c.#.#
#.####..#..#.#
..H...{...#.#.# ...
#>...#..#.#.
..#.)#........####
#.#.##..#.#.


You could see a centaur warrior.

Vanquished Creatures
  A fire giant (D:11)
  A hydra (D:11)
  3 two-headed ogres
  A cyclops (D:12)
  A gargoyle (D:12)
  2 unseen horrors
  A queen bee (D:9)
  Grinder (D:4)
  2 trolls
  2 slime creatures (D:12)
  A centaur simulacrum (D:13)
  3 wyverns
  Sigmund (D:6)
  11 yaks
  A steam dragon (D:8)
  5 vampire mosquitoes
  Menkaure (D:4)
  2 wargs (D:10)
  Edmund (D:5)
  Duvessa (D:5)
  An acid dragon (D:11)
  8 orc warriors
  2 black bears (D:5)
  An ice beast (D:6)
  A necrophage (D:4)
  An ogre (D:6)
  2 centaurs
  2 phantoms
  Blork the orc (D:4)
  A bullfrog (D:6)
  Dowan (D:5)
  3 scorpions
  A water moccasin skeleton (D:7)
  23 killer bees
  2 electric eels
  3 wights (D:6)
  6 howler monkeys
  2 vampire bats (D:10)
  3 centaur zombies
  A jelly (D:5)
  Crazy Yiuf (D:3)
  10 orc priests
  2 bullfrog skeletons
  2 hounds
  Ijyb (D:3)
  2 centaur skeletons
  Terence (D:2)
  7 iguanas
  17 orc wizards
  Natasha (thrice) (D:2)
  2 howler monkey zombies
  Robin (D:2)
  6 adders
  5 gnolls
  3 river rats (D:5)
  A shadow imp (D:7)
  A white imp (D:7)
  2 ufetubi
  2 adder skeletons (D:4)
  6 worms
  2 dart slugs (D:4)
  46 orcs
  5 bat skeletons (D:10)
  A bat zombie (D:10)
  7 endoplasms
  4 giant cockroaches
  10 goblins
  6 hobgoblins
  5 jackals
  6 kobolds
  4 quokkas
  3 ball pythons
  5 bats
  3 frilled lizards
  A quokka skeleton (D:4)
  2 rats (D:5)
292 creatures vanquished.

Vanquished Creatures (others)
  35 fulminant prisms
  3 fungi (D:3)
  8 plants (D:9)
46 creatures vanquished.

Grand Total: 338 creatures vanquished

Notes
Turn   | Place    | Note
-------+----------+-------------------------------------------
     0 | D:1      | mordus the Djinni Conjurer began the quest for the Orb.
     0 | D:1      | Reached XP level 1. HP: 15/15 MP: 0/0
   449 | D:1      | Reached XP level 2. HP: 12/22 MP: 0/0
  1131 | D:1      | Found a faded altar of an unknown god.
  1595 | D:2      | Reached skill level 1 in Fighting
  1595 | D:2      | Reached skill level 1 in Armour
  1595 | D:2      | Reached XP level 3. HP: 6/27 MP: 0/0
  1595 | D:2      | Learned a level 1 spell: Freeze
  2053 | D:2      | Noticed Natasha
  2078 | D:2      | Reached XP level 4. HP: 20/32 MP: 0/0
  2124 | D:2      | Killed Natasha
  2125 | D:2      | Reached skill level 4 in Spellcasting
  2541 | D:2      | Reached XP level 5. HP: 13/38 MP: 0/0
  2541 | D:2      | Learned a level 2 spell: Slow
  2593 | D:2      | Noticed Natasha
  2624 | D:2      | Killed Natasha
  2975 | D:2      | Noticed Natasha
  2980 | D:2      | Killed Natasha
  3083 | D:2      | Noticed Terence
  3090 | D:2      | Killed Terence
  3091 | D:2      | Reached XP level 6. HP: 35/44 MP: 0/0
  3385 | D:2      | Noticed Robin
  3393 | D:2      | Killed Robin
  3778 | D:3      | Noticed Ijyb
  3786 | D:3      | Killed Ijyb
  4549 | D:3      | Found a shimmering altar of Xom.
  4799 | D:3      | Found a runed translucent door.
  4800 | D:3      | Noticed Crazy Yiuf
  4808 | D:3      | Killed Crazy Yiuf
  5303 | D:3      | Reached skill level 5 in Spellcasting
  5303 | D:3      | Reached XP level 7. HP: 37/50 MP: 0/0
  5303 | D:3      | Learned a level 3 spell: Gell's Gravitas
  5484 | D:4      | Noticed Menkaure
  5556 | D:4      | Killed Menkaure
  5773 | D:4      | Reached XP level 8. HP: 47/58 MP: 0/0
  6369 | D:4      | Noticed Grinder
  6380 | D:4      | Killed Grinder
  6381 | D:4      | Reached skill level 6 in Spellcasting
  6545 | D:4      | Found the +2 hood of the Assassin {Detection Stab+ Stlth++}
  6632 | D:4      | Noticed Blork the orc
  6644 | D:4      | Killed Blork the orc
  6854 | D:5      | Entered Level 5 of the Dungeon
  7020 | D:5      | Reached XP level 9. HP: 51/64 MP: 0/0
  7020 | D:5      | Learned a level 4 spell: Petrify
  7120 | D:5      | Found an iron altar of Okawaru.
  7124 | D:5      | Reached skill level 5 in Fighting
  7127 | D:5      | Reached skill level 5 in Armour
  7290 | D:5      | Noticed Edmund
  7303 | D:5      | Killed Edmund
  7421 | D:5      | Reached skill level 7 in Spellcasting
  7806 | D:5      | Noticed Duvessa
  7808 | D:5      | Noticed Dowan
  7821 | D:5      | Killed Duvessa
  7824 | D:5      | Killed Dowan
  8098 | D:5      | Found a staircase to the Ecumenical Temple.
  8178 | Temple   | Entered the Ecumenical Temple
  8216 | Temple   | Became a worshipper of Makhleb the Destroyer
  9054 | D:6      | Found a basalt altar of Yredelemnul.
  9434 | D:6      | Found a sacrificial altar of Ru.
  9440 | D:6      | Found a snail-covered altar of Cheibriados.
  9445 | D:6      | Found a shadowy altar of Dithmenos.
  9464 | D:6      | Noticed Sigmund
  9471 | D:6      | Killed Sigmund
  9472 | D:6      | Reached skill level 1 in Invocations
  9479 | D:6      | Reached XP level 10. HP: 18/72 MP: 0/0
 10007 | D:6      | Reached skill level 8 in Spellcasting
 10472 | D:7      | Found a glowing golden altar of the Shining One.
 10667 | D:7      | Noticed a two-headed ogre
 10675 | D:7      | Killed a two-headed ogre
 10754 | D:7      | Reached * piety under Makhleb
 11244 | D:8      | Noticed a two-headed ogre
 11256 | D:8      | Killed a two-headed ogre
 11257 | D:8      | Reached skill level 1 in Staves
 11557 | D:8      | Noticed a centaur warrior
 11559 | D:8      | Noticed a fire crab
 11561 | D:8      | Noticed an eight-headed hydra
 11571 | D:8      | Noticed a centaur warrior
 11635 | D:8      | Reached skill level 5 in Dodging
 11635 | D:8      | Reached XP level 11. HP: 77/79 MP: 0/0
 11635 | D:8      | Learned a level 5 spell: Irradiate
 11776 | D:8      | Reached skill level 9 in Spellcasting
 12051 | D:8      | Noticed a minotaur
 12645 | D:9      | Reached ** piety under Makhleb
 13063 | D:10     | Entered Level 10 of the Dungeon
 13077 | D:10     | Reached skill level 5 in Invocations
 13119 | D:10     | Found a sparkling altar of Nemelex Xobeh.
 13256 | D:10     | Found a staircase to the Lair.
 13549 | D:10     | Found a broken altar of Ashenzari.
 13550 | D:10     | Noticed a two-headed ogre
 13562 | D:10     | Killed a two-headed ogre
 13640 | D:10     | Reached *** piety under Makhleb
 13908 | D:11     | Reached XP level 12. HP: 81/88 MP: 0/0
 13960 | D:11     | Identified the +0 tower shield of Zianiwk {Harm rCorr Int-4
                  | Dex+6}
 13962 | D:11     | Noticed a fire giant
 14013 | D:11     | Noticed a seven-headed hydra
 14025 | D:11     | Killed a fire giant
 14026 | D:11     | Reached skill level 10 in Spellcasting
 14064 | D:11     | Killed a seven-headed hydra
 14198 | D:11     | Noticed AttackTheMoon's ghost (journeyman DEEE)
 14258 | D:11     | Found a transporter.
 14552 | D:11     | Found a transporter.
 14618 | D:12     | Found a staircase to the Orcish Mines.
 14877 | D:12     | You are sucked into a shaft and drop 2 floors!
 15492 | D:13     | Noticed a centaur warrior
 15502 | D:13     | Shot with an arrow by a centaur warrior

Illustrated notes

Levels and vault maps discovered:
D:1:      dpeg_arrival_ternary, layout_basic, basic_ecumenical_altar
D:2:      layout_basic, minmay_misc_feat_pillars, uniq_natasha, uniq_terence,
          uniq_robin
D:3:      layout_basic, xom_teletrap_fun, uniq_crazy_yiuf_cottage, uniq_ijyb
D:4:      layout_rooms, guppyfry_early_orc_mine, uniq_menkaure,
          uniq_blork_the_orc, uniq_grinder
D:5:      layout_loops_cross, okawaru_altar_gauntlet_db,
          minmay_temple_entry_nine_rooms, portal_sewer_entry_e, uniq_edmund,
          uniq_duvessa
D:6:      layout_gridville, amcnicky_altar_gilded,
          minmay_overflow_temple_star_quad, minmay_strange_pillars, minivault_4,
          uniq_sigmund
D:7:      layout_loops_corners, tso_metal_star, nrook_pool_corridor
D:8:      layout_loops_corners, onia_ninara_dug_in_and_dangerous
D:9:      layout_long_grid, nicolae_looking_at_the_future
D:10:     layout_roguey, evilmike_ruin_ashenzari, kennysheep_vampire_church,
          mainiacjoe_overflow_concentric_impassable, erik_lair_orcish_takeover
D:11:     layout_long_grid, gammafunk_ghost_hive, kennysheep_just_a_vault
D:12:     layout_gridville, orc_0_dummy
D:13:     layout_basic, portal_ice_cave_entry_ice_simulacra,
          minmay_diced_spiral, uniq_azrael
D:14:     layout_loops_ring, lightli_vaults_fourway_checkpoint, enter_trove_6,
          kennysheep_flooded_box, einodemon_armed_red_devil_minivault
Temple:   minmay_temple_forest_path

Skill      XL: |  1  2  3  4  5  6  7  8  9 10 11 12 |
---------------+-------------------------------------+-----
Fighting       | 1 2 3 4 6 7 8 |  8.9
Armour         | 1 2 3 4 6 |  6.0
Spellcasting   | 4 5 6 7 8 9 10 | 10.4
Invocations    | 1 3 5 6 |  6.2
Dodging        | 5 6 7 |  7.4
Staves         | 1 3 4 |  4.7
Stealth        | |  1.5

Action                   |  1- 3 |  4- 6 |  7- 9 | 10-12 || total
-------------------------+-------+-------+-------+-------++-------
Melee: Unarmed           |     2 |       |       |       ||     2
       Club              |       |     2 |       |       ||     2
       Quarterstaff      |       |       |    15 |     2 ||    17
 Cast: Magic Dart        |    24 |    52 |    41 |     7 ||   124
       Searing Ray       |    13 |    33 |    75 |   109 ||   230
       Iskenderun's Myst |       |     2 |     6 |    42 ||    50
       Fulminant Prism   |       |       |     8 |    27 ||    35
       Slow              |       |       |     3 |     2 ||     5
       Irradiate         |       |       |       |     3 ||     3
       Petrify           |       |       |       |     1 ||     1
       Gell's Gravitas   |       |       |       |     1 ||     1
  Use: Scroll            |       |       |       |    18 ||    18
       Potion            |       |       |       |     1 ||     1
 Stab: Sleeping          |       |       |     3 |       ||     3
       Paralysed         |       |       |     1 |       ||     1
Armor: Robe              |     2 |     6 |    22 |    29 ||    59
       Troll leather arm |       |       |       |    16 ||    16
Dodge: Dodged            |     7 |    23 |    48 |   106 ||   184

Table legend: (Time is in decaauts)
 A = Elapsed time spent in this place.
 B = Non-inter-level travel time spent in this place.
 C = Inter-level travel time spent in this place.
 D = Time resting spent in this place.
 E = Time spent auto-exploring this place.
 F = Levels seen in this place.
 G = Mean time per level.
                   A        B        C        D        E       F      G
               +--------+--------+--------+--------+--------+-----+--------+
         Total |  15516 |  15163 |    353 |   3384 |   9437 |  15 | 1034.4 |
       Dungeon |  15118 |  14814 |    304 |   3384 |   9107 |  14 | 1079.9 |
        Temple |    397 |    349 |     48 |      0 |    330 |   1 |  397.0 |
               +--------+--------+--------+--------+--------+-----+--------+

Top non-repeatable levels by time:
     D:2: 2486 daAuts
     D:5: 1678 daAuts
     D:3: 1611 daAuts
     D:1: 1521 daAuts
     D:6: 1433 daAuts
     D:4: 1243 daAuts
     D:8: 948 daAuts
     D:9: 900 daAuts
     D:7: 853 daAuts
    D:10: 792 daAuts
    D:11: 756 daAuts
    D:12: 732 daAuts
  Temple: 397 daAuts
    D:13: 154 daAuts
    D:14: 3 daAuts
